[Event "Betsys MČR v online bleskovém šachu 2021"]
[Site "Chess.com"]
[Date "2021.04.17"]
[Round "4"]
[White "kaprasov"]
[Black "Dvacetsekund"]
[Result "0-1"]
[WhiteElo "1889"]
[BlackElo "2196"]
[TimeControl "180+1"]
[EndTime "9:36:53 PDT"]
[Termination "Uživatel Dvacetsekund zvítězil na čas"]

1. d4 Nf6 2. Bf4 d5 3. e3 e6 4.
Nd2 Bd6 5. Bg3 c5 6. c3 O-O 7.
Ngf3 Nc6 8. Bd3 b6 9. e4 Be7 10. e5 Nh5 11. a3 g6 12. Qe2 a5 13. Nf1 f5 14. exf6 Bxf6 15. Be5 Bxe5 16. Nxe5 Nf4 17.
Nxc6 Qd6 18. Qd2 Qxc6 19. Ne3 cxd4 20. cxd4 Nxd3+ 21. Qxd3 Ba6 22. Qc2 Qb5 23. Qd2 Rac8 24. Nd1 e5 25. Nc3 Qc4 26. Rc1 exd4 27. Na2 Qxa2 0-1

[Event "Betsys MČR v online bleskovém šachu 2021"]
[Site "Chess.com"]
[Date "2021.04.17"]
[Round "4"]
[White "Saygram"]
[Black "Daffac"]
[Result "1-0"]
[WhiteElo "2404"]
[BlackElo "2100"]
[TimeControl "180+1"]
[EndTime "9:36:55 PDT"]
[Termination "Uživatel Saygram zvítězil po vzdání soupeře"]

1. e4 c6 2. d4 d5 3. exd5 cxd5 4. c4 Nf6 5. Nc3 Be6 6. c5 g6 7. Nf3 Bg7 8. Be2 O-O 9. Be3 Nc6 10. O-O Bg4 11.
a3 Ne4 12. h3 Nxc3 13. bxc3 Bf5 14. Ra2 e5 15. Rb2 Qe7 16. Qb3 exd4 17. cxd4 Rab8 18.
Qxd5 Be4 19. Qc4 Rfd8 20. Rd1 Bd5 21. Qa4 Qe4 22. Qc2 Qe8 23. Bc4 Bxf3 24. gxf3 Qd7 25. Bf1 Nxd4 26. Bxd4 Bxd4 27. Rb3 Qc7 28. Rbd3 Qg3+ 29.
Bg2 Qf4 30. Qd2 Bf6 31. Qxf4 1-0

[Event "Betsys MČR v online bleskovém šachu 2021"]
[Site "Chess.com"]
[Date "2021.04.17"]
[Round "4"]
[White "Stalri"]
[Black "DiscoSTU666"]
[Result "1-0"]
[WhiteElo "2194"]
[BlackElo "1884"]
[TimeControl "180+1"]
[EndTime "9:36:55 PDT"]
[Termination "Uživatel Stalri zvítězil po vzdání soupeře"]

1. d4 Nf6 2. c4 g6 3. Nc3 Bg7 4. e4 O-O 5. Nf3 d6 6. Be2 e5 7. Be3 Ng4 8. Bg5 f6 9. Bh4 Nh6 10.
dxe5 dxe5 11. Qc2 c6 12. Nd2 Nf7 13. O-O-O Be6 14. f3 Nd7 15. g4 a6 16. Bf2 b5 17.
Kb1 Qa5 18. c5 Qc7 19. b4 a5 20. a3 axb4 21. axb4 Ra3 22. Qb2 Rfa8 23. Kc2 Qa7 24. Bxb5 Rxc3+ 25. Kxc3 cxb5 26. Ra1 Qb7 27. Rxa8+ Qxa8 28. Ra1 Qc6 29. Qa3 h6 30. Qa8+ Qxa8 31. Rxa8+ Kh7 32. c6 Nb6 33. Bxb6 1-0

[Event "Betsys MČR v online bleskovém šachu 2021"]
[Site "Chess.com"]
[Date "2021.04.17"]
[Round "4"]
[White "Devasales"]
[Black "Vitana"]
[Result "1-0"]
[WhiteElo "1842"]
[BlackElo "1864"]
[TimeControl "180+1"]
[EndTime "9:36:55 PDT"]
[Termination "Uživatel Devasales zvítězil po vzdání soupeře"]

1. e4 e6 2. d4 d5 3. e5 c5 4. c3 Nc6 5. Nf3 Bd7 6. b3 Qb6 7.
Bb2 Rc8 8. Be2 Nge7 9. O-O cxd4 10. cxd4 Nf5 11. g4 Nh6 12. h3 Be7 13. Nc3 O-O 14.
Rc1 f5 15. g5 Nf7 16. h4 Rc7 17. Na4 Qa5 18. Bc3 Nb4 19. a3 Bxa4 20. axb4 Bxb4 21.
Bxb4 Rxc1 22. Bxa5 Rxd1 23. Rxd1 Bxb3 24. Rb1 Bc2 25.
Rxb7 Rc8 26. Rxa7 Be4 27. Nd2 Rc1+ 28. Kh2 Rh1+ 29. Kg3 Rg1+ 30. Kf4 g6 31. Bb4 Rh1 32. Ra8+ Kg7 33. Bf8+ Kg8 34. Bh6+ Nd8 35. Rxd8+ Kf7 36. Nf3 Ra1 37. Rd7+ Ke8 38. Rxh7 Ra2 39. Bb5+ Kd8 40.
Kg3 Ra3 41. Be2 Ra2 42. Bd1 Ra1 43. Be2 Ra2 44. Bf1 Ra3 45. Bg2 Rd3 46. Bf8 Ke8 47.
Bc5 Rb3 48. Re7+ Kf8 49. Rxe6+ Kf7 50. Rf6+ Kg7 51. e6 Rb8 52. e7 Re8 53. Rf8 f4+ 54. Kh2 Rxe7 1-0

[Event "Betsys MČR v online bleskovém šachu 2021"]
[Site "Chess.com"]
[Date "2021.04.17"]
[Round "4"]
[White "tucnak64"]
[Black "RousekJan"]
[Result "1-0"]
[WhiteElo "2104"]
[BlackElo "1790"]
[TimeControl "180+1"]
[EndTime "9:36:56 PDT"]
[Termination "Uživatel tucnak64 zvítězil na čas"]

1. e4 c5 2. Nf3 e6 3. d3 Nc6 4.
g3 Nf6 5. Bg2 Be7 6. O-O O-O 7.
c3 d5 8. e5 Nd7 9. Re1 f6 10.
d4 cxd4 11. cxd4 fxe5 12. dxe5 Qc7 13. Bf4 Nb6 14. Nc3 Bb4 15. Rc1 d4 16. Nxd4 Rd8 17. Ndb5 Rxd1 18. Nxc7 Rxe1+ 19. Rxe1 Rb8 20. Rd1 Na8 21.
N7b5 a6 22. Nd6 Bxd6 23. exd6 Bd7 24. Ne4 b6 25. a3 Rc8 26. Be3 b5 27. Nc5 Nb6 28.
Nxa6 Nc4 29. Nc5 Nb8 30. Nxd7 Nxd7 31. Bd4 e5 32. Bc3 Kf8 33. Rd5 Rb8 34. Bh3 Ke8 35. Kg2 e4 36. Rd4 e3 37. Re4+ Kf7 38. Bxd7 Rd8 39. Be6+ Kf8 40. d7 Nd6 41. Rf4+ Ke7 42. Bh3 1-0

[Event "Betsys MČR v online bleskovém šachu 2021"]
[Site "Chess.com"]
[Date "2021.04.17"]
[Round "4"]
[White "sachovybukowski"]
[Black "Petroniuss"]
[Result "0-1"]
[WhiteElo "1995"]
[BlackElo "2300"]
[TimeControl "180+1"]
[EndTime "9:36:58 PDT"]
[Termination "Uživatel Petroniuss zvítězil matem"]

1. d4 d5 2. Bg5 Nf6 3. e3 Nbd7 4. f4 g6 5. Bd3 Bg7 6. Nf3 O-O 7. O-O c5 8. c3 Ne4 9. Bh4 Ndf6 10. Nbd2 Bf5 11.
Qe2 c4 12. Bxe4 Bxe4 13. Bxf6 Bxf3 14. Qxf3 exf6 15. e4 dxe4 16. Nxe4 f5 17. Nd2 b5 18. a3 a5 19. Rae1 Qd7 20. Re2 Rab8 21. Rfe1 Bf6 22. g3 Rfd8 23. Qe3 Kg7 24. h4 h5 25. Qf3 Qc7 26. Kg2 b4 27. axb4 axb4 28. Qe3 bxc3 29. bxc3 Rb2 30. Nf3 Rdb8 31. Kh3 Rxe2 32. Rxe2 Rb1 33.
Qe8 Qb7 34. Qe3 Rd1 35. Rd2 Rxd2 36. Nxd2 Qh1# 0-1

[Event "Betsys MČR v online bleskovém šachu 2021"]
[Site "Chess.com"]
[Date "2021.04.17"]
[Round "4"]
[White "Svandik49"]
[Black "penguinorodriguez"]
[Result "0-1"]
[WhiteElo "2271"]
[BlackElo "2556"]
[TimeControl "180+1"]
[EndTime "9:37:02 PDT"]
[Termination "Uživatel penguinorodriguez zvítězil na čas"]

1. Nf3 d5 2. g3 Nc6 3. d4 Bf5 4. Bg2 e6 5. O-O Nb4 6. Na3 Be7 7. c3 Nc6 8. Nb1 Nf6 9. Re1 O-O 10. Nbd2 Ne4 11. Nxe4 Bxe4 12. Bf4 g5 13. Be3 f5 14. Qc1 g4 15. Ne5 Nxe5 16. dxe5 Bxg2 17. Kxg2 c5 18.
Qd2 Qc7 19. Bf4 Rfd8 20. h3 d4 21. hxg4 fxg4 22. c4 Qc6+ 23. f3 d3 24. e4 gxf3+ 25. Kxf3 Rd4 26. b3 Rf8 27. Re3 Bg5 28. Rae1 Qc7 29.
Rxd3 Qxe5 30. Rxd4 cxd4 31. Rg1 Kh8 32. Rh1 Qg7 33.
c5 e5 0-1

[Event "Betsys MČR v online bleskovém šachu 2021"]
[Site "Chess.com"]
[Date "2021.04.17"]
[Round "4"]
[White "KJ327NR"]
[Black "machajda"]
[Result "0-1"]
[WhiteElo "2314"]
[BlackElo "2035"]
[TimeControl "180+1"]
[EndTime "9:37:02 PDT"]
[Termination "Uživatel machajda zvítězil matem"]

1. e4 c5 2. Nf3 d6 3. Bb5+ Bd7 4.
Bxd7+ Qxd7 5. c4 Nc6 6. d4 cxd4 7. Nxd4 Nf6 8. Nc3 g6 9. f3 Bg7 10. Be3 O-O 11. O-O a6 12. Rc1 Rfc8 13. b3 Qd8 14. Qd3 Nd7 15. Nxc6 bxc6 16. Rfd1 Qc7 17. Na4 Rd8 18. Qe2 Rac8 19. c5 dxc5 20. Nxc5 Nxc5 21. Bxc5 Qb7 22. Rxd8+ Rxd8 23. Rd1 Rd7 24. Rxd7 Qxd7 25. Qxa6 Qd1+ 26. Qf1 Bd4+ 27. Bxd4 Qxd4+ 28. Kh1 Qb2 29. a4 Qxb3 30. a5 Qa4 31. a6 c5 32. h4 c4 33.
a7 Qxa7 34. Qxc4 Qa1+ 35. Kh2 Qe5+ 36. g3 Qb2+ 37. Kh3 Qf2 38. Qc8+ Kg7 39. Qc3+ Kg8 40. h5 Qg1 41. Qc8+ Kg7 42. Qc3+ Kg8 43. h6 Qh1+ 44. Kg4 Qxh6 45. Qc8+ Qf8 46. Qc3 Qd8 47. Qe3 Qd7+ 48. Kg5 Kg7 49. g4 Qc7 50. e5 f6+ 51. exf6+ exf6+ 52. Kh4 Qh2# 0-1

[Event "Betsys MČR v online bleskovém šachu 2021"]
[Site "Chess.com"]
[Date "2021.04.17"]
[Round "4"]
[White "sachmaty8"]
[Black "DenryS"]
[Result "0-1"]
[WhiteElo "1820"]
[BlackElo "2122"]
[TimeControl "180+1"]
[EndTime "9:37:02 PDT"]
[Termination "Uživatel DenryS zvítězil matem"]

1. e4 c5 2. Nf3 Nc6 3. c3 d5 4. exd5 Qxd5 5. d4 Bf5 6. Be2 cxd4 7. cxd4 e5 8. dxe5 Bb4+ 9. Nc3 Qa5 10. Qb3 Be6 11. Qc2 Bxc3+ 12. bxc3 Nxe5 13. O-O Ne7 14. Bf4 N5g6 15. Bd6 O-O 16. Nd4 Qd5 17. Ba3 Rac8 18. Qb2 b6 19. Bf3 Qc4 20. Rac1 Bd5 21. Bxd5 Qxd5 22.
Rfe1 Rfe8 23. Nf3 Nf5 24. h3 Nf4 25. Rxe8+ Rxe8 26. Rf1 Nxh3+ 27. Kh2 Nf4 28. Qb4 Ng6 29. Re1 Rxe1 30. Nxe1 Qe5+ 31. g3 Qxe1 32. Qc4 Qxf2+ 33. Kh1 Nxg3# 0-1

[Event "Betsys MČR v online bleskovém šachu 2021"]
[Site "Chess.com"]
[Date "2021.04.17"]
[Round "4"]
[White "ghostdog777"]
[Black "jhdghaka"]
[Result "1-0"]
[WhiteElo "2226"]
[BlackElo "1870"]
[TimeControl "180+1"]
[EndTime "9:37:03 PDT"]
[Termination "Uživatel ghostdog777 zvítězil po vzdání soupeře"]

1. e4 c5 2. Nf3 Nc6 3. Bb5 g6 4. Bxc6 bxc6 5. O-O Bg7 6. Re1 Nf6 7. Nc3 O-O 8. e5 Nd5 9. Ne4 Qb6 10. d3 f5 11.
exf6 Nxf6 12. Ned2 Qd8 13. Nc4 d5 14. Nce5 Bd7 15. Be3 d4 16. Bg5 Rb8 17. b3 Rb7 18. Nxd7 Qxd7 19. Ne5 Qf5 20. Bh4 Rc7 21. Bxf6 Bxf6 22.
Nf3 g5 23. Qe2 g4 24. Nd2 Bh4 25. g3 Bg5 26. Nc4 Kh8 27. Rf1 e6 28. Rae1 Re7 29. Qe4 Qf6 30. Qxg4 Rg8 31. Qe4 h5 32. Qe5 h4 33.
Qxf6+ Bxf6 34. Re4 h3 35. Rfe1 Rge8 36. f4 Kh7 37. Kf2 Kg6 38. Kf3 Kf5 39. g4+ Kg6 40.
Kg3 Rh7 41. Rxe6 Rd8 42. g5 1-0

[Event "Betsys MČR v online bleskovém šachu 2021"]
[Site "Chess.com"]
[Date "2021.04.17"]
[Round "4"]
[White "SamikGame"]
[Black "Drak1961"]
[Result "0-1"]
[WhiteElo "1644"]
[BlackElo "2093"]
[TimeControl "180+1"]
[EndTime "9:37:03 PDT"]
[Termination "Uživatel Drak1961 zvítězil po vzdání soupeře"]

1. e4 c5 2. c4 Nc6 3. Nc3 e6 4. g3 g6 5. Bg2 Bg7 6. Nge2 Nge7 7. d3 Rb8 8. O-O O-O 9. Be3 d6 10. Qd2 a6 11. a4 Nd4 12. Rab1 Bd7 13. b3 b5 14. axb5 axb5 15. cxb5 Nxb5 16. Nxb5 Rxb5 17. d4 Qc7 18. dxc5 dxc5 19. Nc3 Rb4 20. Rfc1 Rfb8 21. Qd1 Be8 22. Na2 R4b5 23. b4 Qa7 24. bxc5 Qxa2 25.
Rxb5 Rxb5 26. c6 Rb8 27. c7 Rc8 28. e5 Qa5 29. Bb7 Rxc7 30. Rxc7 Qxc7 31. Be4 Bxe5 32.
Qf3 Nf5 33. Bxf5 exf5 34. Kg2 Bc6 35. Qxc6 Qxc6+ 36. Kg1 0-1

[Event "Betsys MČR v online bleskovém šachu 2021"]
[Site "Chess.com"]
[Date "2021.04.17"]
[Round "4"]
[White "Mitram64"]
[Black "Hroch-hroch"]
[Result "1-0"]
[WhiteElo "2018"]
[BlackElo "2263"]
[TimeControl "180+1"]
[EndTime "9:37:04 PDT"]
[Termination "Uživatel Mitram64 zvítězil na čas"]

1. d4 d5 2. Nf3 Nf6 3. Bf4 e6 4.
e3 c5 5. c3 Bd6 6. Ne5 Qc7 7.
Nd2 O-O 8. Bd3 Nc6 9. Ndf3 Ne4 10. Nxc6 Bxf4 11. exf4 bxc6 12. g3 cxd4 13. Nxd4 c5 14. Nf3 Qb6 15. Qe2 Nf6 16. O-O a5 17. Ne5 Ba6 18. Bxa6 Qxa6 19. Qe3 Qb7 20. Rab1 Rac8 21. Rfd1 Rfd8 22. Rd2 c4 23. f3 Nd7 24. Rbd1 Nxe5 25. Qxe5 g6 26. g4 Qc7 27. Qe3 Re8 28. Re1 Qd6 29. Qd4 Rcd8 30. Rde2 Rb8 31. f5 gxf5 32. gxf5 Qb6 33. Rg2+ Kf8 34. Qxb6 Rxb6 35. f6 Reb8 36. Ree2 a4 37. a3 Rc6 38. Rg7 e5 39. Rxh7 Rxf6 40. Rh8+ Ke7 41. Rxb8 1-0

[Event "Betsys MČR v online bleskovém šachu 2021"]
[Site "Chess.com"]
[Date "2021.04.17"]
[Round "4"]
[White "Rognort"]
[Black "conysek"]
[Result "0-1"]
[WhiteElo "1801"]
[BlackElo "2114"]
[TimeControl "180+1"]
[EndTime "9:37:04 PDT"]
[Termination "Uživatel conysek zvítězil na čas"]

1. e4 e5 2. Nf3 Nc6 3. d4 exd4 4. Bc4 d6 5. Nxd4 Nf6 6. O-O Be7 7. Nc3 O-O 8. h3 Nd7 9. f4 Nb6 10. Bb3 Nxd4 11. Qxd4 Bf6 12. Qd3 Be6 13. Nd5 Bxd5 14. exd5 Re8 15. c3 Qd7 16. Bd2 Re7 17. Rae1 Rae8 18.
Bc2 g6 19. Rxe7 Rxe7 20. f5 Bh8 21. f6 Re5 22. c4 Qd8 23. Bc3 Re8 24. g4 Nd7 25. g5 Ne5 26. Bxe5 Rxe5 27. h4 h6 28. Qg3 c6 29. Bb3 Qb6+ 30. Kh2 Qd4 31. Rf4 Qxb2+ 32.
Rf2 Qc1 33. Rg2 Qe1 34. Qh3 Qe3 35. Qc8+ Kh7 36. Qf8 Qf4+ 37. Kh1 Re1+ 0-1

[Event "Betsys MČR v online bleskovém šachu 2021"]
[Site "Chess.com"]
[Date "2021.04.17"]
[Round "4"]
[White "JohnnyDuck64"]
[Black "PaulS_CR"]
[Result "0-1"]
[WhiteElo "2111"]
[BlackElo "1853"]
[TimeControl "180+1"]
[EndTime "9:37:04 PDT"]
[Termination "Uživatel PaulS_CR zvítězil na čas"]

1. e4 e6 2. d4 d5 3. Nc3 Bb4 4. e5 c5 5. a3 Ba5 6. b4 cxd4 7.
Nb5 Bc7 8. f4 Nc6 9. Nf3 a6 10.
Nbxd4 Nge7 11. Bb2 Bd7 12. Bd3 Nxd4 13. Nxd4 Nc6 14.
Qe2 Nxd4 15. Bxd4 Bb6 16. Qe3 Bxd4 17. Qxd4 g6 18. O-O Rc8 19. Rae1 Qc7 20. Kh1 Qc3 21. Qb6 Qc7 22. Qf2 Ba4 23. Re2 h5 24. Qh4 Qe7 25.
Qf2 h4 26. h3 Rc3 27. Ra1 Qc7 28. Rd2 Kd7 29. Ra2 Qc6 30. Kh2 Rh5 31. Qd4 Rh8 32. Qe3 Bb5 33. Bxb5 axb5 34. Qd4 Rc8 35. Qf2 Rg3 36. Rd3 Qc4 37. Rxg3 hxg3+ 38. Qxg3 Qxa2 39. f5 gxf5 0-1

[Event "Betsys MČR v online bleskovém šachu 2021"]
[Site "Chess.com"]
[Date "2021.04.17"]
[Round "4"]
[White "youhy"]
[Black "Dale00007"]
[Result "1-0"]
[WhiteElo "1765"]
[BlackElo "1398"]
[TimeControl "180+1"]
[EndTime "9:37:04 PDT"]
[Termination "Uživatel youhy zvítězil na čas"]

1. d4 Nf6 2. Nf3 d5 3. c4 dxc4 4. g3 Nc6 5. Bg2 Bf5 6. O-O e6 7. Bg5 Be7 8. Na3 Nd5 9. Bxe7 Ndxe7 10. Nxc4 O-O 11. Qa4 a6 12. Nce5 b5 13. Qd1 Rc8 14. Rc1 Nb4 15. a3 Nbd5 16. Nh4 f6 17. Nxf5 Nxf5 18. Nc6 Qd7 19. e4 Nde7 20. exf5 Nxc6 21.
Bxc6 Qd6 22. Qb3 Qxd4 23. Qxe6+ Kh8 24. Rfd1 Qg4 25. Rd7 Rfe8 26. Qf7 1-0

[Event "Betsys MČR v online bleskovém šachu 2021"]
[Site "Chess.com"]
[Date "2021.04.17"]
[Round "4"]
[White "matej-c"]
[Black "JanBaraCZE"]
[Result "1-0"]
[WhiteElo "1973"]
[BlackElo "1584"]
[TimeControl "180+1"]
[EndTime "9:37:06 PDT"]
[Termination "Uživatel matej-c zvítězil po vzdání soupeře"]

1. d4 c5 2. dxc5 Qa5+ 3. c3 Qxc5 4. Nf3 Nf6 5. g3 g6 6. Bg2 Bg7 7. O-O O-O 8. Nbd2 d6 9. e4 Bg4 10. Re1 Nbd7 11. h3 Bxf3 12. Nxf3 Qc6 13. Qe2 Nc5 14.
Nd4 Qa6 15. Qxa6 Nxa6 16. Nb5 Nc5 17. Bd2 Nd3 18. Reb1 Nc5 19. f3 a6 20. Na3 d5 21. e5 Nfd7 22. f4 e6 23. Be3 f6 24.
exf6 Bxf6 25. Nc2 Kg7 26. Re1 Nd3 27. Re2 Nxb2 28. Rb1 Nc4 29. Rxb7 Rfd8 30. Bd4 Bxd4+ 31. Nxd4 Nd6 32. Nxe6+ Kf6 33. Nxd8 Rxd8 34. Bxd5 Nxb7 35. Bxb7 Nc5 36. Bf3 Rd1+ 37. Kf2 Rd3 38. c4 Rd4 39. Bd5 Na4 40. Re6+ Kf7 41. Re4+ 1-0

[Event "Betsys MČR v online bleskovém šachu 2021"]
[Site "Chess.com"]
[Date "2021.04.17"]
[Round "4"]
[White "Richarlito"]
[Black "reflexia64"]
[Result "1-0"]
[WhiteElo "2027"]
[BlackElo "2272"]
[TimeControl "180+1"]
[EndTime "9:37:07 PDT"]
[Termination "Uživatel Richarlito zvítězil na čas"]

1. e4 g6 2. d4 Bg7 3. Nc3 d6 4. Be3 a6 5. a4 Nd7 6. Qd2 b6 7. f4 c5 8. Nf3 Bb7 9. Bc4 cxd4 10. Bxd4 Ngf6 11. O-O O-O 12. e5 Ne4 13. Nxe4 Bxe4 14. e6 d5 15. exf7+ Rxf7 16. Bxg7 dxc4 17. Bc3 Bxf3 18. Rxf3 Nc5 19. Qe2 Qd5 20. Rd1 Qe4 21. Re3 Qxf4 22. Rf1 Qxf1+ 23. Qxf1 Rxf1+ 24. Kxf1 Kf7 25. Ke2 Rd8 26. a5 b5 27. Bb4 Ne6 28. Rf3+ Ke8 29. Re3 Nf4+ 30. Kf3 Nd5 31. Bd2 Nb4 32. Bxb4 Rd7 33. c3 1-0

[Event "Betsys MČR v online bleskovém šachu 2021"]
[Site "Chess.com"]
[Date "2021.04.17"]
[Round "4"]
[White "hever99"]
[Black "Pekibeast"]
[Result "0-1"]
[WhiteElo "2101"]
[BlackElo "1873"]
[TimeControl "180+1"]
[EndTime "9:37:07 PDT"]
[Termination "Uživatel Pekibeast zvítězil na čas"]

1. e4 e6 2. d3 d5 3. Nd2 Nf6 4. Ngf3 c5 5. g3 Nc6 6. Bg2 Be7 7. O-O O-O 8. Re1 h6 9. e5 Nd7 10. Nf1 f6 11. exf6 Nxf6 12. Ne3 b6 13. c4 d4 14. Nxd4 cxd4 15. Bxc6 dxe3 16. Bxa8 exf2+ 17. Kxf2 Bc5+ 18. Be3 Ng4+ 19. Kg1 Nxe3 20. Rxe3 Bxe3+ 21. Kh1 Qc7 22. Be4 Bb7 23. Qg4 Rf6 24. Re1 Bxe4+ 25. Qxe4 Bc5 26.
d4 Bf8 27. d5 exd5 28. cxd5 Qd6 29. Rc1 Qe7 30. Qg4 Rd6 31. Rc6 Qe1+ 32. Kg2 Qd2+ 33.
Kh3 Qxd5 34. Rc8 Qe6 35. Qxe6+ Rxe6 36. Ra8 Re7 37. Rb8 Rc7 38. Ra8 a5 39. Kg4 Kf7 40.
Rb8 Rc4+ 41. Kf5 Rb4 42. Rb7+ Be7 0-1

[Event "Betsys MČR v online bleskovém šachu 2021"]
[Site "Chess.com"]
[Date "2021.04.17"]
[Round "4"]
[White "Bohous13"]
[Black "berny643"]
[Result "0-1"]
[WhiteElo "2222"]
[BlackElo "2552"]
[TimeControl "180+1"]
[EndTime "9:37:08 PDT"]
[Termination "Uživatel berny643 zvítězil na čas"]

1. e4 c5 2. c4 e6 3. Nc3 Nc6 4. Nf3 Nd4 5. d3 d6 6. g3 g6 7.
Bg2 Bg7 8. O-O Ne7 9. Nxd4 Bxd4 10. Ne2 Bg7 11. d4 cxd4 12. Nxd4 a6 13. Be3 O-O 14. Rc1 Bd7 15. b3 Qc7 16. Qd2 Rfd8 17. Rfd1 Rac8 18. h4 Qb8 19. h5 b5 20. cxb5 axb5 21.
Bg5 Bf8 22. Bh6 Rc5 23. Bxf8 Rxf8 24. h6 Rfc8 25. Rxc5 Rxc5 26. Nf3 d5 27. Qg5 Qf8 28. Ne5 Be8 29. Ng4 Rc8 30. Qe5 Nc6 31. Qg5 Qe7 32. Nf6+ Kh8 33. exd5 exd5 34. Bxd5 Rd8 35. Kg2 Ne5 36.
Qf4 Rd6 37. Ne4 Rd8 38. Nc3 f6 0-1

[Event "Betsys MČR v online bleskovém šachu 2021"]
[Site "Chess.com"]
[Date "2021.04.17"]
[Round "4"]
[White "HonzaRubes95"]
[Black "karimaster100"]
[Result "0-1"]
[WhiteElo "2503"]
[BlackElo "2257"]
[TimeControl "180+1"]
[EndTime "9:37:09 PDT"]
[Termination "Uživatel karimaster100 zvítězil po vzdání soupeře"]

1. Nf3 Nf6 2. g3 b6 3. Bg2 Bb7 4. c4 e6 5. O-O Be7 6. d4 O-O 7.
d5 exd5 8. Nh4 c6 9. Nf5 dxc4 10. b3 cxb3 11. Nxe7+ Qxe7 12. axb3 d5 13. Nc3 Nbd7 14.
Ba3 Nc5 15. b4 Nce4 16. Nxe4 Nxe4 17. b5 c5 18. Bb2 d4 19. e3 dxe3 20. fxe3 Rad8 21.
Qg4 f5 22. Rxf5 Rxf5 23. Qxf5 Nd6 24. Qe5 Qxe5 25. Bxe5 Bxg2 26. Bxd6 Rxd6 27. Kxg2 Rd2+ 28. Kf3 Rb2 29. Rxa7 Rxb5 30. e4 c4 31. Ke3 Rc5 32. Kd2 c3+ 33. Kc2 b5 34. Rb7 h6 35. h4 Kh7 36. g4 Re5 37. Kd3 Rc5 38. Kc2 Rc4 39.
Rxb5 Rxe4 40. Kxc3 Rxg4 41. h5 Rg5 42. Kc4 Rxb5 43.
Kxb5 Kg8 44. Kc4 Kf7 45. Kd5 Kf6 0-1

[Event "Betsys MČR v online bleskovém šachu 2021"]
[Site "Chess.com"]
[Date "2021.04.17"]
[Round "4"]
[White "tiger196223"]
[Black "TommyLud"]
[Result "0-1"]
[WhiteElo "1846"]
[BlackElo "2137"]
[TimeControl "180+1"]
[EndTime "9:37:09 PDT"]
[Termination "Uživatel TommyLud zvítězil na čas"]

1. d4 d5 2. Nf3 Nf6 3. Bg5 Ne4 4. Bh4 c5 5. c3 Nc6 6. e3 Bf5 7. Nbd2 Qb6 8. Qb3 c4 9. Qxb6 axb6 10. Nxe4 Bxe4 11.
Nd2 Bg6 12. Be2 b5 13. b4 Ra3 14.
Bf3 e6 15. O-O Be7 16. Bxe7 Kxe7 17. Rfc1 Rha8 18. e4 dxe4 19. Nxe4 Bxe4 20. Bxe4 Rxa2 21. Rxa2 Rxa2 22. d5 exd5 23. Bxd5 Ne5 24. Re1 Kd6 25. Bxb7 Nd3 26. Rf1 Rc2 27. Be4 Rxc3 28. Bxh7 g6 29.
h4 Nxb4 30. h5 gxh5 31. Rd1+ Nd3 32. Kh2 b4 33. Rb1 b3 34. f3 Kc5 35. Kg3 Rc2 36. Rd1 b2 37. Bxd3 cxd3 38. Rb1 Kc4 39. Kf4 Kc3 40.
Ke3 Rc1 0-1

[Event "Betsys MČR v online bleskovém šachu 2021"]
[Site "Chess.com"]
[Date "2021.04.17"]
[Round "4"]
[White "Trickov"]
[Black "elftom"]
[Result "1-0"]
[WhiteElo "2391"]
[BlackElo "1960"]
[TimeControl "180+1"]
[EndTime "9:37:10 PDT"]
[Termination "Uživatel Trickov zvítězil na čas"]

1. d4 Nf6 2. Nf3 c6 3. c4 e6 4. g3 d5 5. Bg2 Nbd7 6. O-O Bd6 7.
Qc2 O-O 8. Nbd2 a6 9. e4 dxe4 10.
Nxe4 Nxe4 11. Qxe4 c5 12. Be3 Nf6 13. Qc2 h6 14. dxc5 Bc7 15. Bd4 Qe7 16. Qc3 Rd8 17.
Ne5 Rb8 18. Rad1 Ne8 19. c6 b6 20. b3 Kh7 21. f4 f6 22. Qc2+ f5 23. Bb2 Nf6 24.
Rfe1 Rxd1 25. Rxd1 b5 26. c5 a5 27. a3 Ba6 28. b4 Rd8 29. h3 Nd5 30. Bxd5 Rxd5 31. Rxd5 exd5 32. Qxf5+ Kg8 33. Qd7 Qxd7 34. cxd7 Kf8 35.
Nc6 1-0

[Event "Betsys MČR v online bleskovém šachu 2021"]
[Site "Chess.com"]
[Date "2021.04.17"]
[Round "4"]
[White "polik1112"]
[Black "Berzeger"]
[Result "0-1"]
[WhiteElo "1349"]
[BlackElo "1035"]
[TimeControl "180+1"]
[EndTime "9:37:10 PDT"]
[Termination "Uživatel Berzeger zvítězil na čas"]

1. e4 e5 2. Nf3 Nc6 3. Bb5 a6 4. Bxc6 dxc6 5. O-O Bc5 6. Nxe5 Nf6 7. Nc3 O-O 8. Nf3 Re8 9. d3 Bg4 10. Re1 Qd7 11. Be3 Bd6 12. h3 Bh5 13. Qe2 h6 14.
Bd2 b5 15. Qe3 Nh7 16. a3 a5 17. Ne2 a4 18. Ned4 Bc5 19. Bc3 Re6 20. g4 Rg6 21. Kh2 Bxg4 22. hxg4 Qxg4 23. Rg1 Qh5+ 24. Nh4 Qxh4+ 25. Qh3 Qf4+ 26. Kh1 Rxg1+ 27. Rxg1 Bxd4 28. Qg2 Qh4+ 0-1

[Event "Betsys MČR v online bleskovém šachu 2021"]
[Site "Chess.com"]
[Date "2021.04.17"]
[Round "4"]
[White "Ladislav1969"]
[Black "MilosJi"]
[Result "0-1"]
[WhiteElo "2323"]
[BlackElo "2618"]
[TimeControl "180+1"]
[EndTime "9:37:13 PDT"]
[Termination "Uživatel MilosJi zvítězil po vzdání soupeře"]

1. e4 d5 2. exd5 Qxd5 3. Nc3 Qd6 4. d4 Nf6 5. Nf3 c6 6. g3 Bg4 7. Bf4 Qd8 8. Bg2 e6 9. O-O Be7 10. h3 Bh5 11. Qd2 Nbd7 12. Ne5 O-O 13. Rfe1 a5 14.
a3 Nxe5 15. Bxe5 Re8 16. Ne4 Bg6 17. Nxf6+ Bxf6 18. c3 a4 19. Rad1 Ra5 20. Qf4 Rb5 21. Bxf6 Qxf6 22. Qxf6 gxf6 23. Rd2 Ra8 24. Bf1 Rd5 25.
Bc4 Rd6 26. Red1 Rad8 27. f4 h5 28. Kf2 Kf8 29. Ke3 Ke7 30. Bd3 Bxd3 31. Rxd3 f5 32. Ke2 Rd5 33. R1d2 b5 34. Rd1 Kd6 35. Ke3 Kc7 36. Ke2 Kb6 37. R1d2 c5 38. dxc5+ Kxc5 39. Ke3 Rxd3+ 40. Rxd3 Rxd3+ 41. Kxd3 f6 42. Kd2 Kc4 43. Kc2 e5 44. Kd2 Kb3 45. Kc1 e4 46. Kb1 e3 47.
Kc1 e2 48. Kd2 Kxb2 49. Kxe2 Kxc3 50. Ke3 b4 51. axb4 a3 52. b5 a2 53. b6 a1=Q 0-1

[Event "Betsys MČR v online bleskovém šachu 2021"]
[Site "Chess.com"]
[Date "2021.04.17"]
[Round "4"]
[White "viklan"]
[Black "Klokan64"]
[Result "1-0"]
[WhiteElo "1574"]
[BlackElo "1417"]
[TimeControl "180+1"]
[EndTime "9:37:13 PDT"]
[Termination "Uživatel viklan zvítězil po vzdání soupeře"]

1. d4 d6 2. c4 Nf6 3. Nf3 c6 4. g3 Bg4 5. Bg2 Qd7 6. O-O Bh3 7. Nc3 h5 8. Bg5 Nh7 9. Bf4 g5 10. Nxg5 Bxg2 11. Kxg2 Nxg5 12. Bxg5 Bh6 13. Bxh6 Rxh6 14. h4 Na6 15. Qd2 Rf6 16. Ne4 Rf5 17.
b4 O-O-O 18. a4 Rg8 19. b5 Nc7 20. bxc6 Qxc6 21. d5 Qxc4 22. Ng5 Qxd5+ 23. Qxd5 Rxd5 24. Nxf7 Rd4 25. Ng5 Rxh4 26. gxh4 Nd5 27. e3 Nf6 28. f3 Kd7 29. Rac1 Nd5 30. Rfe1 Rg6 31. Kf2 Rf6 32.
Red1 Nb4 33. Rc4 Nc6 34. Rdc1 d5 35. Rc5 Kd6 36. a5 e5 37. a6 b6 38. Rxc6+ Kd7 39. Rxf6 1-0

[Event "Betsys MČR v online bleskovém šachu 2021"]
[Site "Chess.com"]
[Date "2021.04.17"]
[Round "4"]
[White "psvoboda72"]
[Black "Patrik_Kohm"]
[Result "1/2-1/2"]
[WhiteElo "1730"]
[BlackElo "1375"]
[TimeControl "180+1"]
[EndTime "9:37:14 PDT"]
[Termination "Remíza – nedostatek materiálu"]

1. e4 e6 2. d4 d5 3. exd5 exd5 4.
Nf3 c5 5. Bb5+ Bd7 6. Bxd7+ Nxd7 7. O-O Ngf6 8. Bg5 Be7 9. Nc3 O-O 10. Ne5 cxd4 11.
Qxd4 Bc5 12. Bxf6 Qxf6 13. Qxd5 Qxe5 14. Qxd7 b6 15. Qd5 Qf6 16. Rad1 Rfd8 17. Qf3 Qxf3 18. gxf3 g6 19. Nd5 Rd6 20. c4 Rad8 21. a3 b5 22. b4 bxc4 23. Ne7+ Kg7 24. Rxd6 Bxd6 25. Nc6 Rc8 26. Nxa7 Ra8 27. Nb5 c3 28. Nxc3 Rxa3 29. Nd5 Rd3 30. Ne3 Bxb4 31. Rd1 Ra3 32. Nd5 Bc5 33. Kg2 Ra2 34. Rf1 Rd2 35. Nc3 f5 36.
Na4 Ba7 37. Nc3 Kf6 38. Nb5 Bb6 39. Na3 Kg5 40. Nc4 Rxf2+ 41. Rxf2 Bxf2 42. Kxf2 Kf4 43. Kg2 g5 44. Nd6 g4 45. fxg4 fxg4 46. Nf7 h5 47.
Nh6 Kg5 48. Nf7+ Kf4 49. Nd6 h4 50. Nc4 g3 51. hxg3+ hxg3 52. Nd2 Kg4 53. Nf1 Kf4 54. Nxg3 1/2-1/2